AoeStats
← Elite Savage

Black Forest

510503240Analyzed
4v4 RM · 19h ago on Oct 1, 2026· 22m 44s· 8 players
Game mode
Random Map
Map size
Large (8 player)
Population
200
Speed
Normal
Resources
Standard
Victory
Conquest
Starting age
Dark Age
Ending age
Imperial Age
RankedLock teamsTeams togetherTeam positionsShared explorationLock speedFull tech treeHidden civsTurbo modeCheats
Victory
Defeat
🇬🇧 Danes · United Kingdom
867
+6
🇮🇶 Britons · Iraq
831
+7
🇨🇳 Bohemians · China
827
+7
🇮🇳 Khmer · India
500
+21
🇹🇷 Portuguese · Türkiye
712
-13
🇬🇷 Cumans · Greece
639
-11
🇦🇷 Byzantines · Argentina
634
-11
🇨🇳 Wei · China
473
-6
Lucasavend
0:34 Loom
0:59 Loom
13:53 Feudal Age
20:54 Wheelbarrow
20:29 Double-Bit Axe
Elentin
0:46 Loom
16:00 Feudal Age
22:08 Castle Age
20:41 Double-Bit Axe
Passdespoir
13:38 Feudal Age
14:05 Double-Bit Axe
20:58 Castle Age
22:38 Bow Saw
Elite Savage
Murph0uake
0:38 Loom
12:17 Feudal Age
16:21 Castle Age
16:58 Double-Bit Axe
ahmadziad777
0:37 Loom
16:10 Feudal Age
17:24 Horse Collar
17:34 Double-Bit Axe
20:47 Gold Mining
22:06 Stone Mining
22:54 Wheelbarrow
23:09 Fletching
23:20 Padded Archer Armor
ksffvbh
1:35 Loom
17:59 Feudal Age
19:25 Wheelbarrow
18:39 Double-Bit Axe
18:39 Horse Collar
22:17 Castle Age
23:13 Hand Cart
23:15 Bow Saw
ShrouD
15:01 Feudal Age
13:26 Loom
18:50 Castle Age
18:05 Scale Mail Armor
17:58 Fletching
18:11 Padded Archer Armor
19:35 Wheelbarrow
Connection lost

Rejoining the realm…

Still unreachable

The connection could not be restored.

Session expired

The server has moved on; the page needs a fresh start.